 Dungeon Crawl Stone Soup version 0.31-a0-1405-g2bb1a01664 (webtiles) character file.

Game seed: 7565501561622961059

494 BigPumpCobain the Changeling (level 7, -1/50 (55) HPs)
             Began as a Merfolk Shapeshifter on Dec 25, 2023.
             Slain by Terence
             ... wielding the +7 Throatcutter {drain, coup de grace}
              (17 damage)
             ... on level 3 of the Dungeon.
             The game lasted 00:03:39 (2325 turns).

BigPumpCobain the Changeling (Merfolk Shapeshifter) Turns: 2325, Time: 00:03:40

HP:   -1/50 (55)    AC:  2    Str: 17    XL:     7   Next: 15%
MP:   7/7           EV: 12    Int:  9    God:
Gold: 78            SH:  0    Dex: 13    Spells: 6/6 levels left

rFire   . .          .
                       - Unarmed
rCold   . . .        (no shield)
rNeg    . . .        a - +0 animal skin
rPois   .            (helmet currently unavailable)
rElec   .            (cloak currently unavailable)
rCorr   .            (gloves currently unavailable)
SInv    .            (boots currently unavailable)
Will    .....        (no amulet)
Stlth   +            (no ring)
HPRegen 0.28/turn    (no ring)
MPRegen 0.10/turn

%: no passive effects
@: beast-form, drained
A: beast (slay +3), (nimble swimmer 2), mertail
a: Begin Untransformation


You were on level 3 of the Dungeon.
You were a hulking beast.
You visited 1 branch of the dungeon, and saw 3 of its levels.

You collected 78 gold pieces.

Inventory:

Armour
 a - a +0 animal skin (worn)
Talismans
 c - a beast talisman
 d - a flux talisman
Scrolls
 e - a scroll of fear {unknown}
 f - 2 scrolls of vulnerability {unknown}
 g - a scroll of revelation {unknown}
 i - 6 scrolls of identify {unknown}
 j - a scroll of poison {unknown}
 k - a scroll of immolation {unknown}
 l - 2 scrolls of teleportation {unknown}
 n - a scroll of noise {unknown}
Potions
 b - a potion of curing {unknown}
 h - a potion of attraction {unknown}
 m - a potion of brilliance {unknown}
 o - a potion of mutation {unknown}
 p - a potion of lignification


   Skills:
 + Level 4.6 Fighting
 - Level 2.6 Dodging
 + Level 5.6 Unarmed Combat
 + Level 6.4 Shapeshifting


You had 6 spell levels left.
You didn't know any spells.
Your spell library contained the following spells:

 Spells                   Type           Power      Damage    Failure   Level
 Freeze                   Ice            0%         1d3       38%         1
 Frozen Ramparts          Ice            0%         1d1       77%         3
 Hailstorm                Conj/Ice       0%         3d5       77%         3
 Stone Arrow              Conj/Erth      0%         3d7       77%         3
 Animate Armour           Summ/Erth      0%         N/A       99%         4
 Lehudib's Crystal Spear  Conj/Erth      0%         10d2      100%        8


Dungeon Overview and Level Annotations

Branches:
Dungeon (3/15)

Altars:
Yredelemnul

Shops:
D:2 (

Annotations:
D:3 Terence


Innate Abilities, Weirdness & Mutations

You are a hulking beast.
Your limbs bulge with bestial killing power. (Slay +3)
((You are very nimble when in or above water. (Stealth+, EV+, Speed+++)))
Your lower body shifts to a powerful aquatic tail in water.


Message History

You hit Terence.
Terence is lightly wounded.
Terence hits you with the +7 Throatcutter {drain, coup de grace}!
You feel drained.
You are too injured to fight recklessly!
You are too injured to fight recklessly!
You are too injured to fight recklessly!
You are too injured to fight recklessly!
You are too injured to fight recklessly!
You are too injured to fight recklessly!
You are too injured to fight recklessly!
You are too injured to fight recklessly!
You are too injured to fight recklessly!
You are too injured to fight recklessly!
You are too injured to fight recklessly!
You are too injured to fight recklessly!
You are too injured to fight recklessly!
You are too injured to fight recklessly!
You hit Terence.
Terence is lightly wounded.
Terence hits you with the +7 Throatcutter {drain, coup de grace}.
You feel drained.
* * * LOW HITPOINT WARNING * * *
You hit Terence but do no damage.
Terence is lightly wounded.
Terence shouts, "Now you die!" Terence misses you.
You barely miss Terence.
Terence is lightly wounded.
Terence closely misses you.
You hit Terence but do no damage.
Terence is lightly wounded.
Terence closely misses you.
You hit Terence but do no damage.
Terence is lightly wounded.
You hit Terence but do no damage.
Terence is lightly wounded.
Terence hits you with the +7 Throatcutter {drain, coup de grace}!
You die...
Terence says, "Time to find some more victims."

#####...#.......#
#...#.......#
#####.......#
#.......#
#.<.....#####
..............#
#.#.........###
#.#..P......#
#...P####Ph.#
#... +@.## #..
#..# #..# ...#
....# .#### ##


You could see Terence.

Vanquished Creatures
  Grinder (D:3)
  Sigmund (D:2)
  Ijyb (D:2)
  5 adders
  2 worms (D:2)
  A dart slug (D:1)
  An orc (D:3)
  4 ball pythons
  3 endoplasms
  3 giant cockroaches (D:1)
  3 hobgoblins
  4 quokkas
  3 bats
  3 frilled lizards (D:1)
  5 goblins
  4 kobolds
  6 rats
50 creatures vanquished.

Vanquished Creatures (others)
  A hobgoblin (D:3)
1 creature vanquished.

Grand Total: 51 creatures vanquished

Notes
Turn   | Place    | Note
-------+----------+-------------------------------------------
     0 | D:1      | BigPumpCobain the Merfolk Shapeshifter began the quest for
                  | the Orb.
     0 | D:1      | Reached XP level 1. HP: 15/15 MP: 1/1
   121 | D:1      | Reached XP level 2. HP: 18/21 MP: 2/2
   321 | D:1      | Found a faded altar of an unknown god.
   690 | D:2      | Reached XP level 3. HP: 17/27 MP: 3/3
   907 | D:2      | Found Biff's Antique Weapon Shop.
   954 | D:2      | Reached XP level 4. HP: 26/34 MP: 4/4
  1363 | D:2      | Found a basalt altar of Yredelemnul.
  1530 | D:2      | Noticed Sigmund
  1536 | D:2      | Killed Sigmund
  1537 | D:2      | Reached skill level 5 in Shapeshifting
  1537 | D:2      | Reached XP level 5. HP: 29/42 MP: 5/5
  1537 | D:2      | Reached XP level 6. HP: 33/48 MP: 6/6
  1683 | D:3      | Noticed Ijyb
  1931 | D:3      | Reached skill level 5 in Unarmed Combat
  1932 | D:3      | Noticed Grinder
  1941 | D:2      | Killed Ijyb
  2107 | D:3      | Paralysed by Grinder for 4 turns
  2116 | D:3      | Killed Grinder
  2117 | D:3      | Reached skill level 6 in Shapeshifting
  2117 | D:3      | Reached XP level 7. HP: 19/55 MP: 7/7
  2314 | D:3      | Noticed Terence
  2325 | D:3      | Slain by Terence

Illustrated notes

Levels and vault maps discovered:
D:1:      wander_arrival_fairy_ring, layout_loops_ring,
          ebering_ecumenical_altar_petrified, nicolae_twisty_statue_hallways
D:2:      layout_loops_corners, serial_shops,
          nicolae_shop_temple_entry_statues_fountains, basic_altar, uniq_sigmund
D:3:      layout_rooms, mainiacjoe_overflow_cross_hatched, corexii_shack,
          uniq_grinder, uniq_crazy_yiuf_cottage, uniq_terence, uniq_ijyb

Skill      XL: |  1  2  3  4  5  6 |
---------------+-------------------+-----
Fighting       | 2 3 4 |  4.6
Unarmed Combat | 4 5 |  5.6
Shapeshifting  | 5 6 |  6.4
Dodging        | |  2.6

Action                     |  1- 3 |  4- 6 |  7- 9 || total
---------------------------+-------+-------+-------++-------
  Melee: Unarmed           |    77 |    69 |    11 ||   157
         Punch             |     2 |     2 |       ||     4
    Use: Potion            |       |     1 |       ||     1
   Stab: Sleeping          |     3 |     1 |       ||     4
 Armour: Animal skin       |    34 |    57 |     5 ||    96
         Skin              |       |     7 |     1 ||     8
  Dodge: Dodged            |    40 |    51 |     5 ||    96

Table legend: (Time is in decaauts)
 A = Elapsed time spent in this place.
 B = Non-inter-level travel time spent in this place.
 C = Inter-level travel time spent in this place.
 D = Time resting spent in this place.
 E = Time spent auto-exploring this place.
 F = Levels seen in this place.
 G = Mean time per level.
                   A        B        C        D        E       F      G
               +--------+--------+--------+--------+--------+-----+--------+
         Total |   2315 |   2203 |    112 |    451 |   1395 |   3 |  771.7 |
       Dungeon |   2315 |   2203 |    112 |    451 |   1395 |   3 |  771.7 |
               +--------+--------+--------+--------+--------+-----+--------+

Top non-repeatable levels by time:
     D:2: 1414 daAuts
     D:1: 643 daAuts
     D:3: 256 daAuts
